 Dungeon Crawl Stone Soup version 0.22-a0-580-gd5db89c (webtiles) character file.

35 Amnesiac the Covert (level 3, -3/18 HPs)
             Began as a Spriggan Wanderer on July 3, 2018.
             Killed by divine providence
             ... invoked by an orc priest
              (10 damage)
             ... on level 4 of the Dungeon.
             The game lasted 00:01:45 (487 turns).

Amnesiac the Covert (Spriggan Wanderer)              Turns: 487, Time: 00:01:46

Health: -3/18      AC:  2    Str:  7    XL:     3   Next: 16%
Magic:  4/4        EV: 18    Int: 13    God:
Gold:   97         SH:  0    Dex: 17    Spells: 2/2 levels left

rFire    . . .     SeeInvis +   a - +0 dagger
rCold    . . .     Gourm    .   (shield restricted)
rNeg     . . .     Faith    .   d - +0 robe
rPois    .         Spirit   .   (helmet restricted)
rElec    .         Reflect  .   (no cloak)
rCorr    .         Harm     .   (gloves unavailable)
MR       .....                  (boots unavailable)
Stlth    ++++......             (no amulet)
HPRegen  0.06/turn              (no ring)
MPRegen  0.09/turn              (no ring)

@: very quick
A: very small, unfitting armour, see invisible, herbivore, speed 3, slow
metabolism 2
a: no special abilities


You were on level 4 of the Dungeon.
You were not hungry.

You visited 1 branch of the dungeon, and saw 4 of its levels.

You collected 97 gold pieces.

Inventory:

Hand Weapons
 a - a +0 dagger (weapon)
 b - a +2 spear
 c - a +0 short sword
Armour
 d - a +0 robe (worn)
Potions
 e - a potion of lignification {!q}
Comestibles
 f - 3 rations


   Skills:
 - Level 1.0 Fighting
 - Level 2.1 Short Blades
 - Level 1.3 Polearms
 + Level 3.0 Dodging
 - Level 8.0 Stealth


You had 2 spell levels left.
You didn't know any spells.
Your spell library was empty.

Dungeon Overview and Level Annotations

Branches:
Dungeon (4/15)
 Temple: D:4-7

Altars:

Annotations:
D:4 1 runed door, exclusion: orc priest


Innate Abilities, Weirdness & Mutations

You are very small and have problems with some larger weapons.
You are too small for most types of armour.
You have supernaturally acute eyesight. (SInv)
You are a herbivore.
You cover ground extremely quickly.
You need to consume almost no food.


Message History

The helpless orc fails to defend itself.
You impale the orc!!
You kill the orc!
Your Dodging skill increases to level 3!
You see here a trident.
f - 2 rations (gained 1)
Found an escape hatch in the floor.
Found a stone staircase leading down.
You open the door.
An orc and an orc priest come into view.
The orc priest is wielding a whip of draining.
You aren't carrying any items that you can evoke without wielding.
Found a stone staircase leading up.
There is a stone staircase leading down here.
There is a stone staircase leading down here.
Found a runed door.
Wield which item (- for none, * to show all)? (? for menu, Esc to quit)
Okay, then.
You open the door.
There is an open door here.
You open the door.
There is an open door here.
Key pressed, stopping explore.
You now have 64 gold pieces (gained 13).
A gnoll comes into view. It is wielding a flail.
The gnoll shouts!
A gnoll comes into view. It is wielding a whip.
A gnoll comes into view.
The gnoll shouts!
Found a potion of lignification.
You see here 18 gold pieces.
You now have 82 gold pieces (gained 18).
You see here a scroll labeled JIUDUW VUFACK {!r}.
g - a scroll labeled JIUDUW VUFACK {!r} The gnoll shouts!
You hear an angry hiss.
Okay, then.
You open the door.
A worm comes into view.
Found 15 gold pieces, a ration and a scroll labeled NIAWU IDO JUSK.
There is an open door here.
Found an escape hatch in the ceiling.
You see here 15 gold pieces.
You now have 97 gold pieces (gained 15).
You found a teleport trap!
You see here a ration.
f - 3 rations (gained 1) Really walk into that teleport trap?
You enter a teleport trap!
The teleport trap disappears.
Your surroundings suddenly seem different.
An orc and 2 orc priests come into view.
The orc shouts!
The orc priest shouts!
The orc shouts!
The orc priest shouts! x2
Found a scroll labeled MACSIS KOS HIG.
Really read
g - a scroll labeled JIUDUW VUFACK {!r}?
As you read the scroll labeled JIUDUW VUFACK {!r}, it crumbles to dust.
It is a scroll of amnesia.
You feel forgetful for a moment.
The orc priest invokes the aid of Beogh against you.
Beogh smites you!
Ouch! That really hurt!
* * * LOW HITPOINT WARNING * * *
The orc priest calls down the wrath of Beogh upon you.
Beogh smites you!
Ouch! That really hurt!
You die...

###############
#......@.....?.
#.........o....
#.........ooo..
..........o.... ###
#.............. #<#
#.............. #.#
+..............#.##.#
#..............#.##.#
#'# #.##.#


You could see 3 orc priests and 2 orcs.

Vanquished Creatures
  3 adders (D:2)
  A leopard gecko (D:2)
  An orc (D:4)
  A kobold (D:2)
  A quokka (D:2)
  A rat (D:1)
8 creatures vanquished.

Notes
Turn   | Place    | Note
-------+----------+-------------------------------------------
     0 | D:1      | Amnesiac the Spriggan Wanderer began the quest for the Orb.
     0 | D:1      | Amnesiac set off with: a +2 spear, a potion of lignification {!q}, a +0 short sword, a +0 robe, a +0 dagger, a ration
     0 | D:1      | Reached XP level 1. HP: 10/10 MP: 2/2
   164 | D:2      | Reached skill level 8 in Stealth
   164 | D:2      | Reached XP level 2. HP: 14/14 MP: 3/3
   198 | D:2      | Reached skill level 1 in Dodging
   265 | D:2      | Reached XP level 3. HP: 18/18 MP: 4/4
   404 | D:4      | Found a runed door.
   487 | D:4      | Killed from afar by an orc priest

Vault maps used:
D:1:      minmay_arrival_five_plusses
D:3:      lemuel_upstairs_altar, overflow_temple_1_default
D:4:      minmay_temple_entry_glass, first_ration, uniq_crazy_yiuf_cottage

Skill      XL: |  1  2  3 |
---------------+----------+-----
Stealth        | 8 |  8.0
Dodging        | 2 3 |  3.0
Fighting       | |  1.0
Short Blades   | |  2.1
Polearms       | |  1.3

Action                   || total
-------------------------++-------
Melee: Dagger            ||     9
  Use: Scroll            ||     1
 Stab: Sleeping          ||     8
Dodge: Dodged            ||     2

Table legend:
 A = Spawn XP
 B = Non-spawn XP
 C = Spawn XP percentage of total XP
 D = Spawn monster count
 E = Non-spawn monster count
 F = Spawn count percentage of total count
 G = Total turns spent on level
                    A         B        C        D         E        F      G
               +---------+---------+-------+---------+---------+-------+---------
         Total |       0 |      50 |   0.0 |       0 |       8 |   0.0 |   487
               +---------+---------+-------+---------+---------+-------+---------
           D:1 |       0 |       1 |   0.0 |       0 |       1 |   0.0 |    20
           D:2 |       0 |      46 |   0.0 |       0 |       6 |   0.0 |   270
           D:4 |       0 |       3 |   0.0 |       0 |       1 |   0.0 |   176
               +---------+---------+-------+---------+---------+-------+---------
